 Dungeon Crawl Stone Soup version 0.30-a0-743-gbfdf073431 (webtiles) character file.

Game seed: 3896857371364144158

2028 Rrauwl the Prestidigitator (level 9, -6/62 (69) HPs)
             Began as a Gnoll Artificer on Feb 4, 2023.
             Was a Follower of Kikubaaqudgha.
             Succumbed to their own dark miasma
             ... on level 6 of the Dungeon.
             The game lasted 00:16:02 (5805 turns).

Rrauwl the Prestidigitator (Gnoll Artificer)        Turns: 5805, Time: 00:16:03

HP:   -6/62 (69)    AC:  9    Str: 14    XL:     9   Next: 23%
MP:   13/17         EV: 14    Int: 13    God:    Kikubaaqudgha [*.....]
Gold: 146           SH:  5    Dex: 12    Spells: 16/19 levels left

rFire   . . .      SeeInvis .    a - +5 quarterstaff (heavy)
rCold   . . .      Faith    .    (shield currently unavailable)
rNeg    . . .      Spirit   .    b - +0 steam dragon scales
rPois   .          Reflect  +    y - +0 helmet
rElec   .          Harm     .    v - +0 cloak
rCorr   .          Rampage  .    (no gloves)
Will    .....                    (no boots)
Stlth   +++                      h - amulet of reflection
HPRegen 0.30/turn                (no ring)
MPRegen 0.15/turn                (no ring)

@: lethally poisoned (-6 -> -33), very slightly contaminated, heavily drained
A: fangs 1, strong nose, distributed training
a: Renounce Religion, Unearth Wretches


You were on level 6 of the Dungeon.
You worshipped Kikubaaqudgha.
Kikubaaqudgha was aware of your devotion.
You visited 1 branch of the dungeon, and saw 6 of its levels.

You collected 262 gold pieces.
You spent 116 gold pieces at shops.

Inventory:

Hand Weapons
 a - a +5 heavy quarterstaff (weapon)
Missiles
 w - 2 throwing nets
Armour
 b - +0 steam dragon scales (worn)
 v - a +0 cloak (worn)
 y - a +0 helmet (worn)
Jewellery
 h - an amulet of reflection (around neck)
 n - an amulet of guardian spirit
Wands
 c - a wand of flame (27) (quivered)
 d - a wand of charming (14)
 e - a wand of iceblast (1)
 g - a wand of light (5)
 s - a wand of paralysis (18)
Scrolls
 j - 4 scrolls of teleportation
 k - a scroll of identify
 l - 2 scrolls of fog
Potions
 f - 2 potions of brilliance
 i - a potion of haste
 p - a potion of flight
 q - 3 potions of curing
 r - 2 potions of ambrosia
 x - a potion of cancellation


   Skills:
 + Level 6.3 Fighting
 + Level 5.6 Short Blades
 + Level 5.6 Long Blades
 + Level 5.6 Axes
 + Level 5.6 Maces & Flails
 + Level 5.6 Polearms
 + Level 5.6 Staves
 + Level 5.6 Ranged Weapons
 + Level 5.6 Throwing
 + Level 7.3 Armour
 + Level 6.3 Dodging
 + Level 6.2 Stealth
 + Level 5.6 Shields
 + Level 5.6 Unarmed Combat
 + Level 5.6 Spellcasting
 + Level 4.6 Conjurations
 + Level 4.6 Hexes
 + Level 4.6 Summonings
 + Level 4.6 Necromancy
 + Level 4.6 Translocations
 + Level 4.6 Transmutations
 + Level 4.6 Fire Magic
 + Level 4.6 Ice Magic
 + Level 4.6 Air Magic
 + Level 4.6 Earth Magic
 + Level 4.6 Poison Magic
 + Level 6.2 Invocations
 + Level 8.7 Evocations


You had 16 spell levels left.
You knew the following spells:

 Your Spells              Type           Power      Damage    Failure   Level
a - Apportation           Tloc           30%        N/A       2%          1
b - Cigotuvi's Dreadful   Necr/Pois/Air  30%        N/A       3%          2

Your spell library contained the following spells:

 Spells                   Type           Power      Damage    Failure   Level
 Kiss of Death            Conj/Necr      60%        2d10      2%          1
 Magic Dart               Conj           60%        1d6       2%          1
 Necrotise                Necr           60%        1d7       2%          1
 Summon Small Mammal      Summ           60%        N/A       2%          1
 Searing Ray              Conj           30%        2d5       3%          2
 Sublimation of Blood     Necr           15%        N/A       3%          2
 Fulminant Prism          Conj/Hex       7%         3d7       26%         4


Dungeon Overview and Level Annotations

Branches:
Dungeon (6/15)             Temple (0/1) D:5

Altars:
Dithmenos
Kikubaaqudgha
Nemelex Xobeh
Yredelemnul

Shops:
D:3 *   D:4 *

Annotations:
D:6 Prince Ribbit


Innate Abilities, Weirdness & Mutations

You have very sharp teeth.
Your uncanny sense of smell can sniff out nearby items.
Your experience applies equally to all skills.


Message History

The helpless hound fails to defend itself.
You bludgeon the hound!!
You kill the hound!
Kikubaaqudgha accepts your kill.
You open the door.
There is an open door here.
You open the door.
Found a stone staircase leading up.
There is an open door here.
Prince Ribbit comes into view.
Prince Ribbit croaks.
Prince Ribbit blinks!
Casting: Apportation (safe; 2% risk of failure)
Confirm with . or Enter, or press ? or * to list all spells.
You miscast Cigotuvi's Dreadful Rot.
You are very lightly contaminated with residual magic.
Nothing appears to happen.
Casting: Cigotuvi's Dreadful Rot (safe; 3% risk of failure)
Confirm with . or Enter, or press ? or * to list all spells.
A part of your flesh rots into a cloud of miasma!
You feel drained.
You sock Prince Ribbit!
Prince Ribbit is moderately wounded.
You are engulfed in dark miasma.
You are poisoned.
You feel extremely sick. Prince Ribbit closely misses you.
Prince Ribbit hits you!
You closely miss Prince Ribbit.
Prince Ribbit is moderately wounded.
You are engulfed in dark miasma.
You are lethally poisoned!
* * * LOW HITPOINT WARNING * * *
You feel extremely sick. Prince Ribbit barely misses you.
Prince Ribbit hits you!
* * * LOW HITPOINT WARNING * * *
You feel better.
You are engulfed in dark miasma.
You are lethally poisoned!
* * * LOW HITPOINT WARNING * * *
You die...
Kikubaaqudgha rasps: "You have failed me!
Welcome... death!"

#.......# #.......#
############.......#
#..................#
#..................#
#..................#
#.....†.........F..#
#...............@..#
#..................######
.....#'###########...<..#
.....#.......#...#......#
.....#.......#...'......#
.....#.......#...#......#
.....#.......'...#......#
.....#.....†.#...#......#
.....#############......#


You could see Prince Ribbit.

Vanquished Creatures
  Sigmund (D:2)
  A steam dragon (D:6)
  An ice beast (D:6)
  An ogre (D:5)
  2 scorpions
  3 hounds
  Crazy Yiuf (D:3)
  A gnoll bouda (D:4)
  4 iguanas
  Jessica (D:2)
  Terence (D:2)
  5 gnolls
  3 adders
  An ufetubus (D:6)
  A worm (D:5)
  A dart slug (D:3)
  4 orcs (D:6)
  5 bats
  2 endoplasms
  3 giant cockroaches
  4 goblins
  7 hobgoblins
  6 jackals
  2 quokkas
  8 ball pythons
  A frilled lizard (D:1)
  6 kobolds
  5 rats
81 creatures vanquished.

Vanquished Creatures (collateral kills)
  2 gnolls (D:4)
2 creatures vanquished.

Vanquished Creatures (others)
  A worm (D:2)
  A bat (D:4)
  A fungus (D:3)
3 creatures vanquished.

Grand Total: 86 creatures vanquished

Notes
Turn   | Place    | Note
-------+----------+-------------------------------------------
     0 | D:1      | Rrauwl the Gnoll Artificer began the quest for the Orb.
     0 | D:1      | Reached XP level 1. HP: 17/17 MP: 1/1
   131 | D:1      | Reached XP level 2. HP: 22/23 MP: 2/2
   419 | D:1      | Found a faded altar of an unknown god.
   424 | D:1      | Prayed at the altar of an unknown god.
   424 | D:1      | Became a worshipper of Kikubaaqudgha
   424 | D:1      | Reached * piety under Kikubaaqudgha
   424 | D:1      | Received a gift from Kikubaaqudgha
   630 | D:1      | Reached XP level 3. HP: 28/28 MP: 3/3
  1075 | D:2      | Noticed Sigmund
  1081 | D:2      | Killed Sigmund
  1082 | D:2      | Reached skill level 1 in Short Blades
  1082 | D:2      | Reached skill level 1 in Long Blades
  1082 | D:2      | Reached skill level 1 in Axes
  1082 | D:2      | Reached skill level 1 in Maces & Flails
  1082 | D:2      | Reached skill level 1 in Polearms
  1082 | D:2      | Reached skill level 1 in Staves
  1082 | D:2      | Reached skill level 1 in Ranged Weapons
  1082 | D:2      | Reached skill level 1 in Throwing
  1082 | D:2      | Reached skill level 1 in Shields
  1082 | D:2      | Reached skill level 1 in Unarmed Combat
  1082 | D:2      | Reached skill level 1 in Spellcasting
  1082 | D:2      | Reached skill level 1 in Conjurations
  1082 | D:2      | Reached skill level 1 in Hexes
  1082 | D:2      | Reached skill level 1 in Summonings
  1082 | D:2      | Reached skill level 1 in Necromancy
  1082 | D:2      | Reached skill level 1 in Translocations
  1082 | D:2      | Reached skill level 1 in Transmutations
  1082 | D:2      | Reached skill level 1 in Fire Magic
  1082 | D:2      | Reached skill level 1 in Ice Magic
  1082 | D:2      | Reached skill level 1 in Air Magic
  1082 | D:2      | Reached skill level 1 in Earth Magic
  1082 | D:2      | Reached skill level 1 in Poison Magic
  1082 | D:2      | Reached skill level 1 in Invocations
  1082 | D:2      | Reached XP level 4. HP: 30/35 MP: 1/6
  1082 | D:2      | Reached XP level 5. HP: 35/41 MP: 1/7
  1304 | D:2      | Noticed Jessica
  1319 | D:2      | Killed Jessica
  1320 | D:2      | Reached XP level 6. HP: 29/47 MP: 8/8
  1428 | D:2      | Noticed Terence
  1444 | D:2      | Killed Terence
  1757 | D:3      | Reached skill level 5 in Armour
  1792 | D:3      | Found Hodderemm's Assorted Antiques.
  1800 | D:3      | Bought a brown potion for 14 gold pieces
  1800 | D:3      | Bought a brown potion for 14 gold pieces
  1800 | D:3      | Bought 2 puce potions for 28 gold pieces
  1800 | D:3      | Bought a scroll labelled DUEKKIULIG for 16 gold pieces
  1800 | D:3      | Bought a brown potion for 14 gold pieces
  1800 | D:3      | Bought a yellow potion for 14 gold pieces
  1913 | D:3      | Bought a scroll labelled HUUDUMO GEAWOGH for 16 gold pieces
  2362 | D:3      | Found a runed translucent door.
  2363 | D:3      | Noticed Crazy Yiuf
  2377 | D:3      | Killed Crazy Yiuf
  2919 | D:4      | Reached skill level 7 in Evocations
  2919 | D:4      | Reached XP level 7. HP: 52/52 MP: 10/10
  3018 | D:4      | Found a shadowy altar of Dithmenos.
  3104 | D:4      | Found Didd's General Store.
  3713 | D:5      | Entered Level 5 of the Dungeon
  3716 | D:5      | Found a staircase to the Ecumenical Temple.
  3845 | D:5      | Found a sparkling altar of Nemelex Xobeh.
  3845 | D:5      | Found a basalt altar of Yredelemnul.
  5146 | D:5      | Learned a level 1 spell: Apportation
  5338 | D:6      | Noticed a steam dragon
  5434 | D:6      | Killed a steam dragon
  5435 | D:6      | Reached XP level 8. HP: 22/60 MP: 12/12
  5749 | D:6      | Reached skill level 5 in Short Blades
  5749 | D:6      | Reached skill level 5 in Long Blades
  5749 | D:6      | Reached skill level 5 in Axes
  5749 | D:6      | Reached skill level 5 in Maces & Flails
  5749 | D:6      | Reached skill level 5 in Polearms
  5749 | D:6      | Reached skill level 5 in Staves
  5749 | D:6      | Reached skill level 5 in Ranged Weapons
  5749 | D:6      | Reached skill level 5 in Throwing
  5749 | D:6      | Reached skill level 5 in Shields
  5749 | D:6      | Reached skill level 5 in Unarmed Combat
  5749 | D:6      | Reached skill level 5 in Spellcasting
  5749 | D:6      | Reached skill level 8 in Evocations
  5749 | D:6      | Reached XP level 9. HP: 69/69 MP: 12/17
  5753 | D:6      | Learned a level 2 spell: Cigotuvi's Dreadful Rot
  5799 | D:6      | Noticed Prince Ribbit
  5804 | D:6      | HP: 3/62 [Prince Ribbit (7)]
  5805 | D:6      | HP: 1/62 [cloud of foul pestilence (8)]
  5805 | D:6      | Succumbed to their own dark miasma

Illustrated notes

Levels and vault maps discovered:
D:1:      dpeg_arrival_simpleton_a, layout_basic,
          hellmonk_ecumenical_altar_leap_of_faith
D:2:      layout_basic, interstate_on_off, uniq_sigmund, uniq_terence,
          uniq_jessica
D:3:      layout_basic, serial_shops, nicolae_shop_crystal, serial_corexii_hall,
          corexii_hall_statues_i, chequers_hall_statues_corner_a,
          minmay_misc_feat_alley, uniq_crazy_yiuf_cottage
D:4:      layout_layer_cave, mainiacjoe_overflow_small_starburst, serial_shops,
          kennysheep_mini
D:5:      layout_layer_cave, chequers_temple_overflow_statue_of_worship,
          minmay_temple_entry_wispy, abandoned_shop
D:6:      layout_gridville, kennysheep_little_box, serial_demonic,
          serial_demonic_b, serial_demonic_d, serial_demonic_g,
          serial_demonic_a, kennysheep_generic_room_7, uniq_prince_ribbit1

Skill      XL: |  1  2  3  4  5  6  7  8 |
---------------+-------------------------+-----
Fighting       | 3 4 6 |  6.3
Short Blades   | 1 2 3 5 |  5.6
Long Blades    | 1 2 3 5 |  5.6
Axes           | 1 2 3 5 |  5.6
Maces & Flails | 1 2 3 5 |  5.6
Polearms       | 1 2 3 5 |  5.6
Staves         | 1 2 3 5 |  5.6
Ranged Weapons | 1 2 3 5 |  5.6
Throwing       | 1 2 3 5 |  5.6
Dodging        | 3 4 6 |  6.3
Shields        | 1 2 3 5 |  5.6
Unarmed Combat | 1 2 3 5 |  5.6
Spellcasting   | 1 2 3 5 |  5.6
Conjurations   | 1 2 4 |  4.6
Hexes          | 1 2 4 |  4.6
Summonings     | 1 2 4 |  4.6
Necromancy     | 1 2 4 |  4.6
Translocations | 1 2 4 |  4.6
Transmutations | 1 2 4 |  4.6
Fire Magic     | 1 2 4 |  4.6
Ice Magic      | 1 2 4 |  4.6
Air Magic      | 1 2 4 |  4.6
Earth Magic    | 1 2 4 |  4.6
Poison Magic   | 1 2 4 |  4.6
Invocations    | 1 2 3 6 |  6.2
Stealth        | 3 4 6 |  6.2
Armour         | 5 7 |  7.3
Evocations     | 7 8 |  8.7

Action                     |  1- 3 |  4- 6 |  7- 9 || total
---------------------------+-------+-------+-------++-------
  Melee: Club              |    16 |       |       ||    16
         Hand axe          |    74 |    24 |       ||    98
         Bite              |     5 |     6 |    10 ||    21
         Punch             |     1 |     2 |       ||     3
         Mace              |       |    22 |       ||    22
         Quarterstaff      |       |    20 |    88 ||   108
   Cast: Cigotuvi's Dreadf |       |       |     1 ||     1
 Invoke: Unearth Wretches  |     1 |     1 |       ||     2
  Evoke: Wand              |     1 |    13 |     1 ||    15
    Use: Potion            |       |     6 |     5 ||    11
         Scroll            |       |       |    15 ||    15
   Stab: Sleeping          |     3 |     3 |     3 ||     9
         Paralysed         |       |     1 |       ||     1
         Invisible         |       |       |     1 ||     1
 Armour: Leather armour    |    22 |     4 |    19 ||    45
         Steam dragon scal |       |       |     5 ||     5
  Dodge: Dodged            |    70 |    39 |    62 ||   171
  Block: Other             |       |       |    17 ||    17

Table legend: (Time is in decaauts)
 A = Elapsed time spent in this place.
 B = Non-inter-level travel time spent in this place.
 C = Inter-level travel time spent in this place.
 D = Time resting spent in this place.
 E = Time spent auto-exploring this place.
 F = Levels seen in this place.
 G = Mean time per level.
                   A        B        C        D        E       F      G
               +--------+--------+--------+--------+--------+-----+--------+
         Total |   5853 |   5623 |    230 |    107 |   4715 |   6 |  975.5 |
       Dungeon |   5853 |   5623 |    230 |    107 |   4715 |   6 |  975.5 |
               +--------+--------+--------+--------+--------+-----+--------+

Top non-repeatable levels by time:
     D:5: 1558 daAuts
     D:4: 1197 daAuts
     D:2: 889 daAuts
     D:3: 875 daAuts
     D:1: 782 daAuts
     D:6: 549 daAuts
